Map: Triton LE

Players

soul

  • Race: Terran Terran
  • League: Grandmaster
  • Spawn Location: 5:00

TSGSolar (Solar) - Winner!

  • Race: Zerg Zerg
  • League: Diamond
  • Spawn Location: 11:00

Event: HomeStory Cup XX

VOD

Have the link to the VOD?

Description

Time

  • Played on: Nov. 21, 2019, 4:33 a.m.
  • Length: 10:19

All games in this series

Show
View Real Time Build Order
Export as new Build Order

soul Terran 

Build Orders: Gas First Reaper Expand, Liberator Opening 

Get SALT Encoding   

  12  0:00  SCV  
  13  0:12  SCV  
  14  0:16  Supply Depot  
  14  0:25  SCV  
  15  0:30  Refinery  
  15  0:38  SCV  
  16  0:45  Barracks  
  16  0:50  SCV  
  17  1:02  SCV  
  18  1:16  SCV  
  19  1:32  Orbital Command, Reaper  
  20  1:45  Command Center  
  20  1:56  Factory  
  20  1:58  SCV  
  21  2:08  Supply Depot, Barracks Reactor  
  21  2:10  SCV  
  21  2:15  Refinery  
  22  2:22  SCV  
  23  2:35  SCV  
  24  2:44  Starport  
  24  2:47  SCV  
  24  2:51  Hellion x2  
  29  2:57  Orbital Command  
  29  3:00  SCV  
  30  3:07  Liberator  
  30  3:12  SCV  
  31  3:14  Hellion, Supply Depot  
  31  3:16  Hellion  
  35  3:25  SCV  
  39  3:28  Barracks Tech Lab  
  39  3:32  SCV  
  40  3:37  Supply Depot  
  40  3:38  SCV  
  41  3:44  Hellion  
  41  3:46  Hellion  
  41  3:47  SCV  
  46  3:50  Marine  
  46  3:51  Stimpack  
  46  3:54  SCV  
  47  4:04  Supply Depot  
  47  4:07  SCV x2  
  47  4:09  Marine  
  50  4:11  Starport Reactor  
  50  4:20  Command Center, SCV  
  50  4:23  SCV  
  52  4:32  SCV  
  52  4:35  Factory Tech Lab  
  52  4:36  Barracks  
  52  4:38  SCV, Barracks  
  53  4:39  Marine  
  53  4:44  SCV  
  56  4:52  SCV  
  57  4:55  Starport Reactor  
  57  4:56  Engineering Bay, SCV  
  57  4:57  Marine  
  57  4:59  Refinery, Engineering Bay  
  56  5:02  Refinery  
  56  5:04  SCV  
  56  5:05  Siege Tank  
  60  5:08  SCV  
  61  5:15  Marine  
  61  5:16  Supply Depot  
  61  5:19  SCV  
  61  5:20  SCV  
  64  5:24  Terran Infantry Weapons Level 1, Terran Infantry Armor Level 1  
  64  5:30  Combat Shield  
  64  5:31  SCV  
  64  5:32  Marine, SCV  
  64  5:35  Orbital Command  
  67  5:38  Marine x4  
  71  5:45  SCV x2  
  71  5:48  Siege Tank  
  76  5:50  Marine, Medivac  
  76  5:52  Medivac  
  76  5:56  Marine  
  82  5:57  SCV x2  
  82  5:59  Marine, Orbital Command  
  85  6:06  Marine, Supply Depot  
  85  6:09  Supply Depot  
  85  6:10  Marine, SCV x2  
  89  6:12  Marine  
  89  6:14  Marine  
  89  6:17  Marine  
  92  6:20  Supply Depot  
  92  6:22  SCV  
  93  6:27  Marine, Medivac, SCV x2  
  93  6:28  Marine  
  93  6:30  Marine  
  100  6:37  Marine  
  101  6:41  SCV x2  
  101  6:43  Marine, Supply Depot  
  101  6:45  Marine, Supply Depot  
  105  6:48  Marine x2, SCV  
  105  6:53  SCV  
  106  6:55  Marine  
  106  6:56  SCV  
  106  7:01  Marine, SCV  
  109  7:03  Marine  
  109  7:05  Command Center  
  109  7:06  Marine, Reaper  
  109  7:07  SCV  
  110  7:08  SCV  
  110  7:13  Marine, SCV  
  110  7:15  Barracks  
  113  7:16  Barracks  
  113  7:19  Marine  
  113  7:20  Marine, SCV x2  
  117  7:24  Marine  
  117  7:26  Supply Depot, SCV  
  117  7:27  Supply Depot  
  119  7:31  Marine, Armory  
  119  7:33  SCV x2  
  119  7:35  Siege Tank  
  125  7:39  Marine x3  
  125  7:40  Factory  
  125  7:41  Marine  
  125  7:44  SCV  
  130  7:49  Marine  
  131  7:54  SCV  
  131  7:57  Marine x3  
  135  7:59  Marine  
  135  8:01  Marine  
  135  8:03  Barracks Reactor  
  137  8:06  Marine  
  137  8:08  Siege Tank  
  141  8:15  Marine x2  
  141  8:19  Marine  
  111  8:20  Marine x2  
  111  8:24  Marine  
  111  8:26  Medivac  
  111  8:27  Medivac  
  105  8:32  Marine x2  
  105  8:33  SCV  
  107  8:37  Marine x2, Factory Tech Lab  
  107  8:40  Barracks Reactor  
  109  8:42  Marine, SCV  
  109  8:44  Marine  
  109  8:46  Marine  
  109  8:50  Marine x2  
  109  8:55  Marine  
  109  9:03  Supply Depot x2  
  109  9:09  Supply Depot  
  109  9:10  Supply Depot  
  109  9:24  Marine x6, Medivac x2, Siege Tank x2  
  109  9:26  Orbital Command  
  109  9:31  Marine x2, SCV x2  
  129  9:33  Supply Depot  
  129  9:34  Marine  
  129  9:35  Supply Depot  
  130  9:40  Supply Depot  
  130  9:41  Supply Depot  
  130  9:42  Marine  
  131  9:47  SCV x2  
  131  9:49  Marine  
  134  9:54  Marine  
  134  9:56  SCV  
  134  9:59  SCV  
  130  10:06  Command Center  
Show
View Real Time Build Order
Export as new Build Order

TSGSolar Zerg - Winner!

Build Orders: Hatch First 

Get SALT Encoding   

  12  0:01  Drone  
  13  0:12  Overlord  
  13  0:17  Drone  
  14  0:30  Drone  
  14  0:31  Drone  
  16  0:49  Hatchery  
  15  0:51  Drone  
  15  0:54  Drone  
  17  1:01  Drone  
  18  1:09  Extractor  
  17  1:16  Spawning Pool, Drone  
  17  1:19  Drone  
  18  1:27  Drone  
  19  1:38  Drone  
  20  1:49  Overlord  
  20  2:03  Zergling x4, Queen x2  
  26  2:12  Drone x2  
  28  2:22  Hatchery  
  28  2:27  Metabolic Boost  
  27  2:31  Drone  
  27  2:33  Drone  
  27  2:35  Drone  
  30  2:38  Drone  
  31  2:45  Queen  
  31  2:51  Overlord  
  33  2:53  Drone  
  33  2:58  Drone x2  
  36  3:10  Overlord  
  36  3:11  Drone  
  38  3:12  Drone  
  38  3:13  Drone x2  
  38  3:17  Drone x2  
  42  3:22  Queen  
  44  3:31  Overlord  
  44  3:34  Queen  
  44  3:35  Zergling x2  
  44  3:38  Zergling x2, Drone  
  49  3:42  Drone x3  
  49  3:44  Zergling x2  
  49  3:45  Drone  
  49  3:47  Overlord  
  54  3:52  Zergling x2  
  54  3:54  Drone x3  
  58  3:57  Drone  
  58  4:00  Queen  
  61  4:03  Drone  
  61  4:05  Zergling x2  
  61  4:07  Spore Crawler, Drone  
  63  4:12  Overlord  
  63  4:14  Spore Crawler, Drone  
  63  4:17  Drone  
  63  4:20  Evolution Chamber  
  63  4:22  Extractor, Drone, Evolution Chamber  
  63  4:24  Drone  
  63  4:28  Overlord  
  63  4:31  Drone  
  63  4:32  Drone x2  
  63  4:33  Drone  
  67  4:40  Zergling x2  
  67  4:41  Zergling x2  
  67  4:43  Drone x3  
  72  4:46  Drone x2  
  72  4:49  Drone x2  
  72  4:50  Drone  
  72  4:52  Drone  
  77  4:57  Drone x2  
  77  4:59  Zerg Melee Weapons Level 1, Zerg Ground Armor Level 1  
  79  5:03  Overlord  
  80  5:07  Drone  
  80  5:09  Drone x2  
  80  5:10  Overlord x2  
  82  5:14  Lair  
  82  5:15  Extractor  
  82  5:16  Extractor, Overlord  
  82  5:19  Extractor  
  79  5:22  Drone x2  
  79  5:23  Drone  
  79  5:27  Drone x3  
  79  5:28  Drone x3, Baneling Nest  
  86  5:29  Drone  
  88  5:39  Zergling x4  
  90  5:43  Hatchery  
  90  5:44  Overlord  
  90  5:47  Zergling x10  
  94  5:52  Zergling x2  
  94  5:57  Drone x2, Overlord  
  95  6:01  Zergling x10  
  102  6:08  Zergling x2  
  102  6:10  Overlord  
  103  6:12  Centrifical Hooks  
  103  6:17  Baneling x8  
  103  6:18  Baneling x2, Drone x2  
  105  6:19  Zergling x2  
  105  6:20  Zergling x2, Hydralisk Den  
  105  6:22  Zergling x4  
  105  6:24  Hatchery  
  107  6:27  Overlord  
  107  6:29  Zergling x2  
  107  6:34  Zergling x6  
  107  6:38  Zergling x8  
  114  6:40  Zergling x2  
  114  6:43  Baneling x2  
  114  6:44  Overseer  
  115  6:47  Overlord  
  115  6:50  Zergling x4  
  116  6:55  Drone  
  116  6:57  Zerg Ground Armor Level 2  
  116  6:58  Zerg Melee Weapons Level 2  
  116  6:59  Hydralisk x3  
  123  7:05  Drone  
  123  7:07  Grooved Spines  
  123  7:08  Drone x9  
  133  7:09  Drone  
  133  7:11  Queen  
  136  7:16  Drone x2  
  136  7:20  Zergling x2  
  136  7:21  Zergling x2  
  139  7:24  Extractor, Overlord  
  139  7:25  Infestation Pit  
  139  7:28  Pneumatized Carapace  
  139  7:29  Drone x2  
  139  7:31  Drone  
  140  7:39  Zergling x16  
  140  7:43  Hatchery  
  140  7:44  Drone x3, Overlord  
  150  7:47  Hydralisk x2  
  154  7:52  Hydralisk x3  
  154  7:57  Drone  
  162  7:58  Zergling x10  
  162  8:02  Zergling x4  
  162  8:04  Baneling  
  162  8:05  Baneling x11  
  168  8:06  Zergling x6  
  168  8:09  Hydralisk  
  168  8:10  Zergling x6  
  168  8:11  Zergling x2  
  178  8:12  Zergling x2  
  178  8:14  Zergling x2  
  178  8:15  Zergling x4  
  178  8:16  Zergling x4  
  178  8:19  Muscular Augments  
  173  8:20  Overlord  
  169  8:27  Hydralisk x5  
  169  8:28  Zergling x4  
  180  8:35  Hive  
  180  8:36  Overseer, Overlord  
  180  8:37  Extractor, Overlord  
  180  8:39  Zergling x6  
  182  8:43  Zergling x4  
  182  8:46  Hydralisk x2  
  176  8:51  Zergling x4  
  165  8:56  Hydralisk x2  
  165  8:57  Zergling x18  
  165  8:58  Zergling x2  
  165  9:00  Zergling x2  
  165  9:01  Zergling x4  
  181  9:06  Baneling x12  
  181  9:07  Zergling x4  
  181  9:08  Zergling x2  
  181  9:09  Zergling x2  
  185  9:22  Zergling x24  
  196  9:29  Zergling x8  
  200  9:36  Baneling x3  
  199  9:46  Baneling x2  
  199  9:47  Spore Crawler, Baneling x12  
  199  9:48  Drone  
  198  10:14  Hatchery  
Tags
 
Add a new tag
Caveats
  • Supply blocks, unpowered buildings, or Contaminate may cause inaccurate times.
  • Supply counts are checked every 10 seconds.